 Dungeon Crawl Stone Soup version 0.21-a0-91-ga5031da (webtiles) character file.

12222 4thArraOfDagon the Carver (level 11, -10/75 HPs)
             Began as a Mummy Artificer on June 30, 2017.
             Was a Priest of Cheibriados.
             Mangled by a centaur warrior (12 damage)
             ... on level 13 of the Dungeon.
             The game lasted 00:32:18 (9516 turns).

4thArraOfDagon the Carver (Mummy Artificer)         Turns: 9516, Time: 00:32:19

Health: -10/75     AC:  7    Str: 24    XL:     11   Next: 59%
Magic:  16/16      EV: 17    Int: 22    God:    Cheibriados [***...]
Gold:   619        SH:  0    Dex: 20    Spells: 10/10 levels left

rFire    x . .     SeeInvis +   h - +0 scimitar
rCold    + . .     Gourm    .   (no shield)
rNeg     + + +     Faith    .   F - +0 troll leather armour
rPois    ∞         Spirit   .   r - +0 helmet
rElec    .         Reflect  .   (no cloak)
rCorr    .         Harm     +   (no gloves)
MR       ++...                  v - +0 pair of boots
Stlth    ++........             t - amulet of harm
HPRegen  0.62/turn              H - ring of see invisible
MPRegen  0.15/turn              B - ring of protection from magic

@: very slow
A: no food or potions, fire vulnerability, cold resistance 1, negative energy
resistance 3, torment resistance, unbreathing
a: Bend Time, Temporal Distortion, Renounce Religion


You were on level 13 of the Dungeon.
You worshipped Cheibriados.
Cheibriados was most pleased with you.
You were not hungry.

You visited 2 branches of the dungeon, and saw 15 of its levels.

You collected 619 gold pieces.

Inventory:

Hand Weapons
 a - a +0 short sword
 h - a +0 scimitar (weapon)
 q - a +2 dagger of draining
 D - a +1 broad axe of draining
Missiles
 z - 3 javelins (quivered)
Armour
 b - a +0 leather armour
 g - a +0 ring mail of cold resistance
 r - a +0 helmet (worn)
 v - a +0 pair of boots (worn)
 C - the +0 scale mail "Sanluup" {rF+ MP+9 Dex+2 Stlth+}
   (You found it on level 10 of the Dungeon)

   It affects your dexterity (+2).
   It protects you from fire.
   It affects your magic capacity (+9).
   It makes you more stealthy.
 F - a +0 troll leather armour (worn)
 G - the cursed +0 robe of Supple Strength {+Inv rCorr, unknown}
   (You found it on level 13 of the Dungeon)

   It lets you turn invisible.
   It protects you from acid and corrosion.
   It has a curse placed upon it.
Magical Staves
 m - an uncursed staff of conjuration {!a}
Jewellery
 t - an amulet of harm (around neck)
 A - a +4 ring of intelligence
 B - a ring of protection from magic (right hand)
 H - a ring of see invisible (left hand)
Wands
 c - a wand of flame (8/48)
 d - a wand of enslavement (4/24)
 e - a wand of random effects (0/48)
Scrolls
 f - 4 scrolls of remove curse
 i - a scroll of torment {unknown}
 j - a scroll of blinking
 k - a scroll of enchant weapon {unknown}
 l - 2 scrolls of random uselessness
 o - a scroll of noise
 p - 2 scrolls of enchant armour
 s - 4 scrolls of fog
 u - 3 scrolls of immolation {unknown}
 w - 4 scrolls of teleportation
 x - a scroll of fear
 y - 4 scrolls of vulnerability
Books
 n - a book of Geomancy

   Spells                             Type                      Level
   a - Sandblast                      Earth                        1
   b - Passwall                       Transmutation/Earth          2
   c - Stone Arrow                    Conjuration/Earth            3
   d - Petrify                        Transmutation/Earth          4
   e - Lee's Rapid Deconstruction     Earth                        5
 E - a book of Flames

   Spells                             Type                      Level
   a - Flame Tongue                   Conjuration/Fire             1
   b - Throw Flame                    Conjuration/Fire             2
   c - Conjure Flame                  Conjuration/Fire             3
   d - Inner Flame                    Hexes/Fire                   3
   e - Sticky Flame                   Conjuration/Fire             4
   f - Fireball                       Conjuration/Fire             5


   Skills:
 - Level 3.1 Fighting
 - Level 0.7(6.0) Short Blades
 * Level 9.6 Long Blades
 + Level 6.6 Armour
 + Level 7.1 Dodging
 - Level 0.7 Stealth
 + Level 6.9 Invocations
 - Level 4.2 Evocations


You had 10 spell levels left.
You didn't know any spells.

Dungeon Overview and Level Annotations

Branches:
Dungeon (14/15)            Temple (1/1) D:6            Lair (0/6) D:8
 Vaults (0/5) D:13
    Orc: D:9-12

Altars:
Ashenzari
Cheibriados
Dithmenos
Elyvilon
Fedhas
Gozag
Hepliaklqana
Kikubaaqudgha
Makhleb
Nemelex Xobeh
Okawaru
Qazlal
Ru
Sif Muna
Trog
Uskayaw
Vehumet
Wu Jian
Xom
Yredelemnul
Zin
The Shining One

Shops:
D:8 %   D:13 !

Annotations:
D:4 Edmund
D:6 Kidiri's ghost, novice DEFE
D:10 Gastronok
D:11 Fannar
D:12 Ijustatesigmund's ghost, journeyman OgFi


Innate Abilities, Weirdness & Mutations

You do not eat or drink.
Your flesh is vulnerable to fire.
You are immune to poison.
Your flesh is cold resistant. (rC+)
You are immune to negative energy. (rN+++)
You are immune to unholy pain and torment.
You can survive without breathing.


Message History

Unknown command.
You hit the centaur warrior.
The centaur warrior is severely wounded.
The centaur warrior hits you but does no damage.
Unknown command.
You hit the centaur warrior.
The centaur warrior is severely wounded.
The centaur warrior hits you!
* * * LOW HITPOINT WARNING * * *
Unknown command.
Unknown command.
Okay, then.
Evoke which item? (* to show all) (? for menu, Esc to quit)
Aiming: Throw Flame
Press: ? - help, Shift-Dir - straight line, f/p - centaur warrior
Aim: a centaur warrior (severely wounded)
The puff of flame hits the centaur warrior.
The centaur warrior is almost dead.
This wand has 8 charges left.
The centaur warrior hits you!
You die...

.....# ##.# #..†...
###.## #.# #..####
#..# #.## #..#...
##'#### #..# ####.##
......# ##[# #.#.#
......# #.# #...#
......# #######.#
#.### ......+
......(.### ##.#
......# ######..@c#
######..#### ......#
##.#.............)..
<....(#
#.###########.#####
####D## #.# #. #.(.#
#.# #. #.### #.# #.
#. #+# #. .. #+ ...


You could see a centaur warrior.

Vanquished Creatures
  2 centaur warriors
  A wizard (D:13)
  An ugly thing (D:11)
  2 centaur zombies
  2 gargoyles (D:11)
  A centaur skeleton (D:13)
  A kobold demonologist (D:11)
  A troll (D:13)
  A slime creature (D:11)
  A meliai zombie (D:13)
  2 hippogriffs
  A wraith (D:12)
  2 wyverns
  16 yaks
  A basilisk (D:13)
  An acid dragon (D:11)
  A phantom (D:8)
  3 sky beasts
  4 ice beasts
  An ogre (D:5)
  7 centaurs
  A crocodile (D:13)
  A big kobold (D:14)
  A bullfrog (D:6)
  A wyvern skeleton (D:13)
  7 scorpions
  A water moccasin skeleton (D:10)
  14 killer bees
  6 crimson imps
  5 howler monkeys
  2 bullfrog zombies
  A quasit (D:12)
  9 hounds
  A jelly (D:7)
  A bullfrog skeleton (D:6)
  3 orc priests
  4 iguanas
  5 orc wizards
  11 worker ants
  A hound zombie (D:5)
  A howler monkey skeleton (D:5)
  15 adders
  3 gnolls
  2 shadow imps
  An ooze (D:1)
  7 worms
  2 adder skeletons
  4 dart slugs
  4 leopard geckos
  30 orcs
  A ball python (D:3)
  6 giant cockroaches
  4 goblins
  4 hobgoblins
  21 jackals
  4 quokkas
  11 bats
  12 frilled lizards
  15 kobolds
  A quokka skeleton (D:4)
  A quokka zombie (D:5)
  4 rats
280 creatures vanquished.

Vanquished Creatures (collateral kills)
  Psyche (D:11)
  A phantom (D:7)
  A bullfrog (D:7)
  6 gnolls
9 creatures vanquished.

Vanquished Creatures (others)
  A hound (D:6)
  A gnoll (D:2)
  A worm (D:2)
3 creatures vanquished.

Grand Total: 292 creatures vanquished

Notes
Turn   | Place    | Note
-------+----------+-------------------------------------------
     0 | D:1      | 4thArraOfDagon the Mummy Artificer began the quest for the Orb.
     0 | D:1      | Reached XP level 1. HP: 15/15 MP: 2/2
    28 | D:2      | Reached XP level 2. HP: 18/21 MP: 4/4
   348 | D:3      | Reached XP level 3. HP: 25/26 MP: 5/5
   449 | D:5      | Entered Level 5 of the Dungeon
   453 | D:5      | Noticed a scorpion
   486 | D:6      | Reached XP level 4. HP: 29/32 MP: 7/7
   498 | D:6      | Noticed a bullfrog
   584 | D:6      | Noticed Kidiri's ghost (novice DEFE)
   624 | D:6      | Found a staircase to the Ecumenical Temple.
   630 | Temple   | Entered the Ecumenical Temple
   676 | Temple   | Became a worshipper of Cheibriados the Contemplative
   895 | D:6      | Turgon: !lg $p -log
   897 | D:6      | beem: 13238. 4thArraOfDagon, XL27 MuAr, T:71642: http://crawl.xtahua.com/crawl/morgue/4thArraOfDagon/morgue-4thArraOfDagon-20170630-131923.txt
   934 | D:6      | 4thArraOfDagon: ohh shut up
   937 | D:6      | Turgon: Ouch
   958 | D:6      | Turgon: I didn't know this, just wanted to check if you had won
  1007 | D:6      | Noticed a bullfrog
  1008 | D:6      | Killed a bullfrog
  1008 | D:6      | Reached XP level 5. HP: 16/41 MP: 8/8
  1125 | D:6      | Turgon: So what's happening today? You died with 15 runes in Zot:5, Yermak with 14 runes in tomb
  1125 | D:6      | 4thArraOfDagon: its not a good day to crawl I guess
  1235 | D:7      | Noticed an ogre
  1238 | D:7      | Noticed a phantom
  1238 | D:7      | Noticed a troll
  1247 | D:7      | Reached skill level 1 in Long Blades
  1257 | D:7      | Killed a phantom
  1257 | D:7      | Reached skill level 1 in Armour
  1257 | D:7      | Reached XP level 6. HP: 28/47 MP: 9/9
  1543 | D:2      | Found a shimmering altar of Xom.
  1765 | D:2      | Reached * piety under Cheibriados
  1983 | D:1      | Reached ** piety under Cheibriados
  1983 | D:1      | Reached skill level 2 in Long Blades
  2954 | D:3      | Reached *** piety under Cheibriados
  3665 | D:4      | Noticed Edmund
  3747 | D:4      | Reached XP level 7. HP: 23/52 MP: 10/10
  4068 | D:5      | Reached skill level 1 in Invocations
  4325 | D:5      | Reached **** piety under Cheibriados
  4366 | D:5      | Reached skill level 3 in Long Blades
  4890 | D:6      | Reached XP level 8. HP: 54/58 MP: 11/11
  4910 | D:6      | Reached skill level 4 in Long Blades
  5169 | D:9      | Reached ***** piety under Cheibriados
  5483 | D:7      | Reached skill level 5 in Long Blades
  5831 | D:8      | Found a staircase to the Lair.
  5831 | D:8      | Noticed a hippogriff
  5982 | D:8      | Found Xuces's Food Boutique.
  5989 | D:8      | Reached XP level 9. HP: 52/63 MP: 12/12
  6008 | D:9      | Reached skill level 6 in Long Blades
  6103 | D:9      | Reached skill level 5 in Dodging
  6329 | D:9      | Reached skill level 7 in Long Blades
  6346 | D:9      | Noticed a two-headed ogre
  6425 | D:10     | Entered Level 10 of the Dungeon
  6623 | D:10     | Got a distressingly furry scale mail
  6645 | D:10     | Reached XP level 10. HP: 33/70 MP: 13/13
  6648 | D:10     | Reached skill level 5 in Armour
  6700 | D:10     | Identified the cursed +0 scale mail "Sanluup" {rF+ MP+9 Dex+2 Stlth+} (You found it on level 10 of the Dungeon)
  6787 | D:10     | Reached skill level 5 in Invocations
  6840 | D:10     | Noticed Gastronok
  7222 | D:11     | Noticed Psyche
  7260 | D:11     | Noticed a two-headed ogre
  7260 | D:11     | Noticed a two-headed ogre
  7438 | D:11     | Noticed a purple ugly thing
  7456 | D:11     | Killed a purple ugly thing
  7456 | D:11     | Reached skill level 8 in Long Blades
  8087 | D:11     | Noticed Fannar
  8255 | D:11     | Killed Psyche
  8317 | D:11     | Reached XP level 11. HP: 68/75 MP: 15/15
  8583 | D:11     | Noticed a four-headed hydra
  8765 | D:11     | Noticed a centaur warrior
  8771 | D:11     | Killed a centaur warrior
  8771 | D:11     | Reached skill level 9 in Long Blades
  9015 | D:13     | Noticed a wizard
  9018 | D:13     | Killed a wizard
  9035 | D:13     | Found a gate to the Vaults.
  9035 | D:13     | Noticed a deep elf mage
  9215 | D:13     | Got a faintly glowing robe
  9218 | D:13     | Found Naneasif's Distillery.
  9307 | D:12     | Noticed Ijustatesigmund's ghost (journeyman OgFi)
  9326 | D:13     | Noticed a five-headed hydra
  9405 | D:13     | Noticed a centaur warrior
  9410 | D:13     | Killed a centaur warrior
  9501 | D:13     | Noticed a centaur warrior
  9515 | D:13     | HP: 2/75 [centaur warrior (10)]
  9516 | D:13     | Mangled by a centaur warrior

Vault maps used:
D:1:      dpeg_arrival_brainrot, kennysheep_doodads
D:2:      xom_teletrap_fun
D:3:      first_bread, kennysheep_generic_room_8
D:4:      uniq_edmund
D:6:      minmay_temple_entry_enclosed_plants
D:8:      lair_entry_dummy, serial_shops, shop
D:10:     uniq_gastronok
D:11:     orc_0_dummy, uniq_fannar, uniq_psyche
D:12:     serial_shops, nicolae_shop_behind_doors, uniq_erolcha
D:13:     david_vaults_1, enter_trove_0, serial_shops, kennysheep_mini_moat,
          nicolae_shop_trees, shop, lightli_wizard_tower
D:14:     uniq_rupert
Temple:   kilobyte_greek_temple

Skill      XL: |  1  2  3  4  5  6  7  8  9 10 11 |
---------------+----------------------------------+-----
Evocations     | 3 4 |  4.2
Fighting       | 3 |  3.1
Long Blades    | 1 2 3 5 7 8 9 |  9.6
Armour         | 1 2 3 4 5 6 |  6.6
Dodging        | 2 3 4 5 6 7 |  7.1
Invocations    | 2 3 4 6 |  6.9
Short Blades   | |  0.7
Stealth        | |  0.7

Action                   |  1- 3 |  4- 6 |  7- 9 | 10-12 || total
-------------------------+-------+-------+-------+-------++-------
Melee: Short sword       |    42 |     8 |       |       ||    50
       Scimitar          |       |    75 |   243 |   267 ||   585
       Dagger            |       |   222 |    76 |       ||   298
Throw: Throwing net      |       |       |     1 |       ||     1
       Javelin           |       |       |       |    15 ||    15
Invok: Slouch            |       |       |     3 |     7 ||    10
Evoke: Wand              |    15 |    25 |     8 |    13 ||    61
       Box of beasts     |       |       |       |     1 ||     1
  Use: Scroll            |     5 |       |     6 |     4 ||    15
 Stab: Sleeping          |       |       |     3 |     2 ||     5
       Distracted        |       |       |       |     1 ||     1
Armor: Ring mail         |    13 |   109 |    88 |       ||   210
       Leather armour    |     1 |       |       |       ||     1
       Scale mail        |       |       |       |    59 ||    59
       Troll leather arm |       |       |       |    12 ||    12
Dodge: Dodged            |    40 |   212 |   200 |   234 ||   686
       Rpst.: Scimitar   |       |     8 |    56 |    61 ||   125
